 Dungeon Crawl Stone Soup version 0.32-a0-290-g598725c5f2 (webtiles) character file.

Game seed: 7556551726537434477

219 porpoise the Sneak (level 5, -6/31 HPs)
             Began as an Octopode Alchemist on Feb 14, 2024.
             Mangled by an ice beast (14 damage)
             ... on level 5 of the Dungeon.
             The game lasted 00:09:46 (1978 turns).

porpoise the Sneak (Octopode Alchemist)             Turns: 1978, Time: 00:09:47

Health: -6/31      AC:  1    Str:  7    XL:     5   Next: 96%
Magic:  7/8        EV: 13    Int: 20    God:
Gold:   125        SH:  0    Dex: 12    Spells: 4/8 levels left

rFire   . . .        a - +0 dagger (venom)
rCold   . . .        (no shield)
rNeg    . . .        (helmet restricted)
rPois   .            e - amulet of magic regeneration
rElec   .            (no ring)
rCorr   .            (no ring)
SInv    .            (no ring)
Will    .....        (no ring)
Stlth   ++++         (no ring)
HPRegen 0.25/turn    (no ring)
MPRegen 0.51/turn    (no ring)
                     (no ring)

%: no passive effects
@: no status effects
A: almost no armour, amphibious, 8 rings, camouflage 1, gelatinous body 1,
(nimble swimmer 1), tentacles
a: no special abilities


You were on level 5 of the Dungeon.
You visited 1 branch of the dungeon, and saw 4 of its levels.

You collected 125 gold pieces.

Inventory:

Hand Weapons
 a - a +0 dagger of venom (weapon)
 o - a +1 vampiric short sword
Missiles
 b - 4 stones
 g - 12 poisoned darts (quivered)
Magical Staves
 f - a staff of fire
Jewellery
 e - an amulet of magic regeneration (around mantle)
Wands
 p - a wand of flame (10)
Scrolls
 d - a scroll of noise
 i - a scroll of fog
 m - a scroll of teleportation
Potions
 c - a potion of magic
 h - a potion of curing {unknown}
 j - 2 potions of might {unknown}
 k - 2 potions of degeneration {unknown}
 n - a potion of enlightenment {unknown}
 q - a potion of lignification {unknown}
 r - 2 potions of heal wounds {unknown}
 s - a potion of attraction {unknown}


   Skills:
 - Level 2.0 Dodging
 + Level 5.4 Stealth
 - Level 2.0 Spellcasting
 + Level 3.2 Conjurations
 + Level 4.8 Alchemy


You had 4 spell levels left.
You knew the following spells:

 Your Spells              Type           Power      Damage    Failure   Level
a - Sting                 Conj/Alch      72%        1d7       3%          1
m - Mephitic Cloud        Conj/Alch/Air  12%        N/A       16%         3

Your spell library contained the following spells:

 Spells                   Type           Power      Damage    Failure   Level
 Mercury Vapours          Alch/Air       22%        N/A       9%          2
 Olgreb's Toxic Radiance  Alch           21%        N/A       22%         4
 Sticky Flame             Fire/Alch      11%        2d5       50%         4


Dungeon Overview and Level Annotations

Branches:
Dungeon (3/15)

Altars:
Hepliaklqana

Annotations:
D:2 Sigmund


Innate Abilities, Weirdness & Mutations

You cannot wear most types of armour.
You are amphibious.
You can wear up to eight rings at the same time.
Your skin changes colour to match your surroundings (Stealth+).
Your rubbery body absorbs attacks. (AC +1, EV +1)
((You are camouflaged when in or above water. (Stealth+)))
You have tentacles for arms and can constrict up to eight enemies at once.


Message History

You hit the white imp but do no damage. Your grab misses the white imp.
You squeeze the white imp.
The white imp is moderately wounded.
The white imp hits you but does no damage.
You hit the white imp but do no damage.
The white imp is poisoned.
Your grab misses the white imp. Your squeeze misses the white imp.
The white imp is moderately wounded.
The white imp hits you. The white imp freezes you.
You hit the white imp but do no damage.
The white imp looks as sick as possible!
Your grab misses the white imp.
The white imp is moderately wounded.
You kill the white imp!
You hit the ice beast but do no damage. The ice beast hits you.
The ice beast freezes you!
* * * LOW HITPOINT WARNING * * *
The sleepcap closely misses you. The sleepcap attacks as it pursues you!
The sleepcap closely misses you.
You see here a poisoned dart.
The ice beast attacks as it pursues you!
The ice beast misses you.
Casting: Sting (safe; 3% risk of failure)
Confirm with . or Enter, or press ? or * to list all spells.
Aiming: Sting (safe; 3% risk of failure)
Press: ? - help, Shift-Dir - straight line, f - ice beast
Aim: an ice beast (74% to hit)
The sting hits the ice beast.
The ice beast partially resists.
The ice beast is lightly wounded.
Casting: Sting (safe; 3% risk of failure)
Confirm with . or Enter, or press ? or * to list all spells.
Aiming: Sting (safe; 3% risk of failure)
Press: ? - help, Shift-Dir - straight line, f/p - ice beast
Aim: an ice beast (lightly wounded, 74% to hit)
The sting misses the ice beast.
The sting hits the sleepcap.
The sleepcap partially resists.
The sleepcap is lightly damaged.
The ice beast hits you.
* * * LOW HITPOINT WARNING * * *
The ice beast freezes you!
You die...

#.........#..$.f
#..... #####.....##.#
# #.... #.....##.####
#...# ####'###.##..
+...# #.....##.#
#...####..
#..##.##.###...'.....
#.....##.#.#(..####..
##.#####....####
#.....@Yf..###
#########....#
##########.###.#.#
#......#......)#.###..
#......###............
#..............#####..
#......###.....#
##.....>.......#
#.#######.....###


You could see an ice beast and a sleepcap.

Vanquished Creatures
  A centaur (D:5)
  A scorpion (D:5)
  Robin (D:2)
  A white imp (D:5)
  2 dart slugs (D:1)
  An orc (D:3)
  2 ball pythons
  2 endoplasms (D:1)
  14 goblins
  3 hobgoblins
  2 kobolds
  2 quokkas
  2 frilled lizards
  2 rats
36 creatures vanquished.

Notes
Turn   | Place    | Note
-------+----------+-------------------------------------------
     0 | D:1      | porpoise the Octopode Alchemist began the quest for the
                  | Orb.
     0 | D:1      | Reached XP level 1. HP: 11/11 MP: 3/3
   161 | D:1      | Reached skill level 3 in Stealth
   165 | D:1      | Reached XP level 2. HP: 11/17 MP: 3/5
   777 | D:1      | Reached XP level 3. HP: 21/21 MP: 6/6
   781 | D:1      | Learned a level 3 spell: Mephitic Cloud
   799 | D:1      | Found a faded altar of an unknown god.
  1285 | D:2      | Noticed Robin
  1292 | D:2      | Killed Robin
  1294 | D:2      | Reached skill level 4 in Stealth
  1337 | D:2      | Reached XP level 4. HP: 21/27 MP: 7/7
  1569 | D:2      | Noticed Sigmund
  1715 | D:3      | You fall into a shaft and drop 2 floors!
  1715 | D:5      | Entered Level 5 of the Dungeon
  1745 | D:5      | Noticed a scorpion
  1750 | D:5      | Killed a scorpion
  1751 | D:5      | Reached XP level 5. HP: 18/31 MP: 8/8
  1767 | D:5      | Noticed a centaur
  1777 | D:5      | Killed a centaur
  1778 | D:5      | Reached skill level 5 in Stealth
  1924 | D:5      | Found a hazy altar of Hepliaklqana.
  1965 | D:5      | Noticed an ice beast
  1978 | D:5      | Mangled by an ice beast

Illustrated notes

Levels and vault maps discovered:
D:1:      mushboom_english_gardens, layout_basic,
          shapermc_ecumenical_altar_mp_ritualfount,
          chequers_serial_rivers_small_3, grunt_decor_fettered,
          roderic_nine_men_s_morris, chequers_serial_rivers_large_b,
          minmay_hexomino_u4
D:2:      layout_basic, basic_altar, nicolae_twisty_statue_hallways,
          uniq_sigmund, uniq_robin, uniq_natasha
D:3:      layout_basic
D:5:      layout_basic, okawaru_trees_1, nicolae_hepliaklqana_hippocampus

Skill      XL: |  1  2  3  4  5 |
---------------+----------------+-----
Stealth        | 3 4 5 |  5.4
Conjurations   | 2 3 |  3.2
Alchemy        | 4 |  4.8
Dodging        | |  2.0
Spellcasting   | |  2.0

Action                     |  1- 3 |  4- 6 || total
---------------------------+-------+-------++-------
  Melee: Dagger            |    33 |    24 ||    57
         Constrict         |    10 |     5 ||    15
         Tentacles         |     5 |     7 ||    12
  Throw: Dart              |       |     1 ||     1
   Cast: Sting             |    19 |     4 ||    23
    Use: Scroll            |     1 |     3 ||     4
   Stab: Sleeping          |     4 |     3 ||     7
 Armour: Skin              |    10 |    14 ||    24
  Dodge: Dodged            |     8 |    18 ||    26

Table legend: (Time is in decaauts)
 A = Elapsed time spent in this place.
 B = Non-inter-level travel time spent in this place.
 C = Inter-level travel time spent in this place.
 D = Time resting spent in this place.
 E = Time spent auto-exploring this place.
 F = Levels seen in this place.
 G = Mean time per level.
                   A        B        C        D        E       F      G
               +--------+--------+--------+--------+--------+-----+--------+
         Total |   1975 |   1914 |     61 |    507 |   1031 |   4 |  493.8 |
       Dungeon |   1975 |   1914 |     61 |    507 |   1031 |   4 |  493.8 |
               +--------+--------+--------+--------+--------+-----+--------+

Top non-repeatable levels by time:
     D:1: 1257 daAuts
     D:2: 318 daAuts
     D:5: 262 daAuts
     D:3: 136 daAuts
